Map: Ever Dream LE

Players

DeathStroke - Winner!

  • Race: Protoss Protoss
  • League: Silver
  • Spawn Location: 1:00

antagomiR

  • Race: Protoss Protoss
  • League: Gold
  • Spawn Location: 7:00

VOD

Have the link to the VOD?

Description

Time

  • Played on: April 11, 2020, 7:41 p.m.
  • Length: 19:13
Show
View Real Time Build Order
Export as new Build Order

DeathStroke Protoss - Winner!

Build Orders:  

Get SALT Encoding   

  12  0:01  Probe (Chrono Boost)  
  13  0:11  Probe (Chrono Boost)  
  14  0:19  Pylon  
  14  0:24  Probe  
  15  0:40  Gateway  
  15  0:46  Probe  
  16  0:56  Assimilator  
  16  1:10  Gateway  
  15  1:15  Assimilator  
  15  1:19  Probe  
  16  1:28  Zealot  
  18  1:33  Cybernetics Core  
  18  1:38  Pylon  
  18  1:43  Probe (Chrono Boost)  
  19  1:53  Probe (Chrono Boost)  
  20  1:56  Gateway  
  20  2:04  Gateway  
  20  2:06  Warp Gate (Chrono Boost)  
  20  2:32  Stalker  
  20  2:34  Zealot  
  24  2:43  Pylon  
  24  2:46  Probe  
  25  2:55  Stalker  
  27  3:08  Stalker  
  29  3:21  Nexus  
  29  3:29  Pylon  
  29  3:40  Forge  
  29  3:48  Stalker  
  31  3:53  Zealot  
  33  4:07  Assimilator  
  33  4:09  Probe (Chrono Boost)  
  34  4:12  Protoss Ground Weapons Level 1 (Chrono Boost)  
  34  4:19  Probe (Chrono Boost)  
  34  4:22  Zealot  
  37  4:24  Probe (Chrono Boost)  
  38  4:36  Probe (Chrono Boost)  
  38  4:37  Probe (Chrono Boost)  
  40  4:48  Probe (Chrono Boost)  
  42  4:54  Probe (Chrono Boost)  
  42  4:56  Probe (Chrono Boost)  
  42  4:59  Stalker  
  45  5:00  Probe  
  45  5:01  Zealot  
  48  5:09  Photon Cannon  
  48  5:16  Photon Cannon  
  49  5:21  Probe (Chrono Boost)  
  49  5:27  Probe (Chrono Boost)  
  50  5:30  Probe (Chrono Boost)  
  50  5:34  Probe (Chrono Boost)  
  50  5:48  Robotics Facility  
  50  5:52  Twilight Council  
  50  6:05  Photon Cannon  
  50  6:09  Pylon  
  50  6:13  Photon Cannon  
  50  6:23  Photon Cannon  
  50  6:25  Shield Battery  
  50  6:26  Zealot  
  50  6:27  Zealot x2  
  50  6:28  Zealot  
  50  6:31  Probe  
  50  6:32  Probe  
  60  6:44  Probe x2  
  62  6:49  Photon Cannon  
  62  6:55  Dark Shrine  
  62  6:56  Probe  
  62  6:59  Stargate  
  63  7:02  Stargate  
  63  7:08  Assimilator  
  63  7:11  Probe x2  
  65  7:18  Assimilator  
  65  7:23  Probe x2  
  65  7:28  Zealot  
  69  7:38  Pylon x2  
  69  7:41  Pylon, Observer  
  70  7:58  Protoss Shields Level 1  
  70  8:05  Void Ray x2  
  78  8:13  Observer  
  78  8:16  Protoss Air Weapons Level 1 (Chrono Boost)  
  79  8:34  Stalker x4  
  87  9:02  Void Ray  
  91  9:11  Pylon  
  91  9:13  Pylon  
  91  9:14  Pylon  
  91  9:28  Charge, Nexus  
  91  9:29  Pylon, Void Ray  
  95  9:32  Pylon  
  95  10:00  Void Ray, Protoss Ground Armor Level 1  
  98  10:12  Void Ray  
  102  10:18  Protoss Air Armor Level 1 (Chrono Boost)  
  102  10:19  Photon Cannon  
  102  10:20  Photon Cannon  
  102  10:21  Photon Cannon  
  102  10:23  Photon Cannon  
  102  10:25  Assimilator  
  102  10:27  Assimilator  
  102  10:35  Photon Cannon  
  102  10:37  Photon Cannon  
  102  10:50  Void Ray (Chrono Boost)  
  102  10:52  Void Ray (Chrono Boost)  
  110  11:08  Immortal  
  114  11:19  Probe (Chrono Boost)  
  115  11:29  Probe (Chrono Boost), Zealot x2  
  115  11:30  Zealot  
  122  11:32  Zealot  
  122  11:34  Probe (Chrono Boost)  
  125  11:45  Probe  
  130  11:47  Immortal  
  130  11:50  Void Ray x2  
  138  12:04  Dark Templar  
  138  12:05  Dark Templar  
  138  12:07  Dark Templar x2  
  144  12:19  Pylon  
  144  12:21  Pylon  
  144  12:27  Photon Cannon  
  144  12:30  Photon Cannon  
  144  12:31  Probe (Chrono Boost)  
  145  12:41  Probe (Chrono Boost)  
  145  12:43  Immortal  
  150  12:44  Protoss Ground Weapons Level 2  
  150  12:46  Probe (Chrono Boost)  
  151  12:54  Fleet Beacon  
  151  12:57  Probe  
  152  13:09  Probe  
  153  13:16  Shield Battery  
  153  13:18  Shield Battery  
  153  13:20  Shield Battery  
  153  13:23  Shield Battery  
  153  13:28  Probe (Chrono Boost)  
  154  13:38  Probe (Chrono Boost)  
  154  13:39  Carrier  
  161  13:44  Pylon x2  
  161  13:47  Pylon  
  159  13:59  Carrier  
  109  15:23  Void Ray x2  
  109  15:28  Stalker x4  
  101  16:00  Immortal  
  101  16:03  Dark Templar  
  101  16:04  Dark Templar x3  
  111  16:06  Void Ray x2  
  115  16:39  Immortal  
  117  17:03  Zealot  
  117  17:04  Zealot x3  
  125  17:12  Carrier x2  
  137  17:19  Observer  
  138  17:28  Gateway x2  
  138  17:29  Gateway  
  138  17:31  Gateway  
  138  17:40  Immortal  
  142  17:52  Robotics Facility  
  142  17:54  Robotics Facility  
  142  18:05  Nexus  
  142  18:11  Assimilator  
  142  18:12  Assimilator  
  142  18:19  Immortal  
  146  18:28  Dark Templar  
  146  18:29  Dark Templar x3  
Show
View Real Time Build Order
Export as new Build Order

antagomiR Protoss 

Build Orders: 1 Gate Expand, Archon Immortal, Carriers 

Get SALT Encoding   

  12  0:01  Probe  
  13  0:13  Probe  
  14  0:18  Pylon  
  14  0:26  Probe  
  15  0:38  Gateway  
  15  0:40  Probe  
  16  0:52  Probe  
  16  0:54  Assimilator  
  17  1:09  Probe  
  18  1:22  Probe  
  19  1:28  Cybernetics Core  
  19  1:38  Nexus  
  19  1:42  Probe (Chrono Boost)  
  20  1:54  Probe (Chrono Boost)  
  21  2:04  Warp Gate (Chrono Boost)  
  21  2:06  Pylon  
  21  2:10  Stalker  
  23  2:21  Probe  
  23  2:33  Probe  
  24  2:43  Gateway x2  
  24  2:52  Robotics Facility  
  24  3:02  Probe x2  
  26  3:14  Probe  
  26  3:15  Probe  
  26  3:18  Assimilator  
  26  3:19  Sentry  
  30  3:33  Probe x2  
  32  3:45  Probe x2  
  32  3:48  Assimilator  
  34  3:54  Stalker x2  
  38  3:57  Probe  
  38  4:02  Probe  
  40  4:08  Immortal (Chrono Boost)  
  40  4:09  Probe  
  41  4:14  Probe  
  46  4:22  Pylon  
  46  4:31  Twilight Council  
  46  4:40  Probe x2  
  48  4:45  Sentry  
  50  4:53  Probe x2, Observer (Chrono Boost)  
  53  5:03  Pylon  
  53  5:05  Probe  
  54  5:17  Pylon  
  54  5:20  Immortal (Chrono Boost)  
  54  5:21  Probe x2  
  54  5:26  Assimilator  
  54  5:28  Stalker  
  62  5:33  Pylon  
  62  5:35  Probe x2  
  64  5:47  Phoenix  
  64  5:49  Templar Archives  
  64  5:50  Probe x2  
  64  5:52  Immortal (Chrono Boost)  
  69  5:58  Forge  
  69  5:59  Forge  
  69  6:26  Sentry  
  69  6:27  Sentry, Observer  
  74  6:36  Nexus  
  74  6:48  Observer  
  74  6:52  Pylon  
  75  6:55  Pylon  
  75  7:04  Protoss Ground Weapons Level 1 (Chrono Boost)  
  75  7:06  Protoss Ground Armor Level 1 (Chrono Boost)  
  75  7:11  Immortal (Chrono Boost)  
  75  7:15  Gateway x2  
  79  7:19  Gateway  
  79  7:23  Gateway x2  
  79  7:25  Shield Battery  
  79  7:28  Gateway  
  79  7:29  Gateway  
  79  7:37  Stalker x3  
  79  7:42  Probe x2  
  79  7:44  Immortal (Chrono Boost)  
  91  7:54  Probe x2  
  93  7:59  Probe  
  94  8:06  Probe x2  
  96  8:15  Probe  
  96  8:18  Probe  
  96  8:19  High Templar  
  100  8:20  High Templar x3  
  100  8:23  Zealot  
  100  8:26  Archon x2  
  108  8:36  Probe  
  108  8:39  Assimilator  
  109  8:43  Assimilator  
  109  8:44  Stargate  
  109  8:47  Stargate  
  109  8:49  Probe  
  109  9:01  Pylon  
  109  9:03  Pylon  
  109  9:05  Phoenix  
  109  9:06  Stargate  
  109  9:07  Pylon  
  109  9:09  Pylon  
  109  9:19  Probe x3  
  109  9:22  High Templar x2  
  109  9:24  Zealot x4  
  118  9:25  Zealot  
  118  9:26  Archon  
  126  9:31  Probe x3  
  126  9:37  Zealot x3  
  135  9:41  Protoss Ground Weapons Level 2 (Chrono Boost)  
  135  9:43  Protoss Ground Armor Level 2 (Chrono Boost)  
  135  9:44  Probe x3  
  138  9:51  Pylon  
  138  9:55  Fleet Beacon  
  138  9:56  Probe x3  
  141  10:00  Pylon  
  141  10:09  Probe x3  
  141  10:10  Observer  
  145  10:16  Pylon  
  145  10:18  Pylon  
  145  10:26  Nexus  
  145  10:27  Stalker x2  
  145  10:28  Pylon, Stalker  
  151  10:30  Pylon  
  151  10:43  High Templar  
  151  10:44  High Templar x2  
  151  10:48  Archon  
  157  10:50  High Templar  
  157  10:55  Archon  
  159  11:01  Shield Battery  
  159  11:02  Shield Battery  
  159  11:05  Photon Cannon  
  159  11:06  Photon Cannon  
  159  11:09  Photon Cannon  
  159  11:12  Photon Cannon  
  159  11:14  Carrier  
  159  11:15  Photon Cannon  
  165  11:34  Photon Cannon  
  165  11:37  Photon Cannon  
  165  11:39  Photon Cannon  
  165  11:42  Carrier (Chrono Boost)  
  165  11:44  Carrier (Chrono Boost)  
  177  11:56  Protoss Air Weapons Level 1 (Chrono Boost)  
  177  12:07  Pylon  
  177  12:15  Carrier (Chrono Boost)  
  183  12:33  Probe x2  
  185  12:44  Assimilator, Carrier (Chrono Boost)  
  185  12:46  Assimilator  
  185  12:50  Zealot x3  
  185  12:51  Zealot  
  199  13:31  Photon Cannon  
  199  13:32  Photon Cannon  
  199  13:42  Photon Cannon  
  199  13:45  Photon Cannon  
  199  13:47  Photon Cannon x2  
  199  13:49  Photon Cannon  
  199  13:50  Photon Cannon  
  199  13:53  Photon Cannon  
  199  13:54  Photon Cannon  
  187  13:56  Photon Cannon x2  
  187  13:58  Photon Cannon x2  
  187  13:59  Shield Battery  
  159  14:15  Carrier x3  
  139  14:27  Stalker x2  
  139  14:28  Stalker  
  103  15:19  Carrier (Chrono Boost)  
  103  15:20  Carrier x2 (Chrono Boost)  
  110  15:42  Stalker x2  
  112  15:43  Stalker x2  
  64  16:51  Zealot x3  
  64  16:52  Zealot x4  
  61  17:15  Zealot x3  
  63  17:16  Zealot x3  
  61  17:38  Zealot x2  
  61  17:39  Zealot x2  
  61  17:40  Zealot x2  
  67  17:53  Fleet Beacon  
  67  18:05  Gateway  
  59  18:19  Nexus  
  23  18:54  Assimilator  
  22  18:59  Assimilator  
Tags
 
Matchup
PvP
Replay Pack
20200422
Spawn Locations
Cross Positions
Add a new tag
Caveats
  • Supply blocks, unpowered buildings, or Contaminate may cause inaccurate times.
  • Supply counts are checked every 10 seconds.